 Dungeon Crawl Stone Soup version 0.31-a0-222-gefeffbb62a (webtiles) character file.

Game seed: 11794424447886591234

117 qw the Shooter (level 5, -1/30 HPs)
             Began as a Gargoyle Hexslinger on July 5, 2023.
             Killed from afar by an orc wizard (13 damage)
             ... with a puff of flame
             ... on level 3 of the Dungeon.
             The game lasted 00:00:46 (1938 turns).

qw the Shooter (Gargoyle Hexslinger)                Turns: 1938, Time: 00:00:47

Health: -1/30      AC: 10    Str: 12    XL:     5   Next: 1%
Magic:  6/6        EV: 10    Int: 13    God:
Gold:   37         SH:  0    Dex: 14    Spells: 5/6 levels left

rFire   . . .        Y - +2 sling
rCold   . . .        (no shield)
rNeg    + . .        e - +0 ring mail
rPois   inf          (no helmet)
rElec   +            (no cloak)
rCorr   .            m - +0 pair of gloves
SInv    .            (no boots)
Will    .....        (no amulet)
Stlth   +            (no ring)
HPRegen 0.25/turn    (no ring)
MPRegen 0.10/turn

%: no passive effects
@: no status effects
A: sickness immunity, AC +4, negative energy resistance 1, electricity
resistance, torment resistance 1, petrification resistance
a: no special abilities


You were on level 3 of the Dungeon.
You visited 1 branch of the dungeon, and saw 3 of its levels.

You collected 97 gold pieces.
You spent 60 gold pieces at shops.


Innate Abilities, Weirdness & Mutations

You are immune to sickness and miasma.
Your stone body is resilient. (AC +4)
You are immune to poison.
You resist negative energy. (rN+)
You are resistant to electric shocks. (rElec)
You are resistant to unholy torment.
You are immune to petrification.


   Skills:
 - Level 2.0 Fighting
 + Level 4.2 Ranged Weapons
 - Level 2.1 Armour
 - Level 1.5 Dodging
 - Level 1.0 Spellcasting
 - Level 2.6 Hexes


You had 5 spell levels left.
You knew the following spells:

 Your Spells              Type           Power      Damage    Failure   Level
a - Slow                  Hex            28%        N/A       21%         1

Your spell library contained the following spells:

 Spells                   Type           Power      Damage    Failure   Level
 Inner Flame              Hex/Fire       4%         N/A       71%         3
 Portal Projectile        Hex/Tloc       8%         N/A       71%         3
 Cause Fear               Hex            3%         N/A       90%         4

Inventory:

Hand Weapons
 Y - a +2 sling (weapon)
Armour
 e - a +0 ring mail (worn)
 m - a +0 pair of gloves (worn)
Jewellery
 f - a ring of fire
Scrolls
 d - 4 scrolls of identify
Potions
 a - a potion of mutation {unknown}
 i - a potion of curing

Dungeon Overview and Level Annotations

Branches:
Dungeon (3/15)

Altars:
The Shining One

Shops:
D:2 *


Message History

You shoot a sling bullet. Something hits you but does no damage.
The orc wizard gestures at you while chanting.
The magic dart hits something.
The orc wizard casts a spell.
The orc wizard flickers and vanishes!
You shoot a sling bullet. The sling bullet hits the orc.
The orc is severely wounded.
The orc hits you but does no damage.
You shoot a sling bullet. The sling bullet barely misses the orc.
The orc barely misses you.
You shoot a sling bullet. The sling bullet hits the orc.
You kill the orc!
The ball python bites you but does no damage.
The ball python grabs you. The ball python constricts you.
You shoot a sling bullet. The sling bullet hits the ball python.
The ball python is severely wounded.
The ball python bites you but does no damage.
The ball python constricts you. The ball python bites you.
The ball python constricts you.
You shoot a sling bullet.
The sling bullet closely misses the ball python.
The ball python bites you but does no damage.
The ball python constricts you.
You shoot a sling bullet. The sling bullet hits the ball python.
You kill the ball python!
An orc wizard appears from thin air!
Reactivating autopickup.
Something hits you but does no damage.
Deactivating autopickup; reactivate with Ctrl-A.
You shoot a sling bullet. The sling bullet hits the orc wizard.
You kill the orc wizard!
Something hits you but does no damage.
Your Ranged Weapons skill increases to level 4!
You have reached level 5!
You shoot a sling bullet.
You hear some strange, mumbled words.
A puff of flame appears from out of thin air!
The puff of flame hits you!
You die...

######..######
# #.......# #
#.#####.# ## #
#.# #.# .. #
#.# #.# .# #.#
#.# .# #.# #.#
.####.. #.#
#.#####......}
#.# #>...@{).#
#.# #######.##
#.# .# .o ...
####


There were no monsters in sight!

Vanquished Creatures
  An orc wizard (D:3)
  Natasha (D:3)
  2 adders (D:3)
  2 dart slugs (D:1)
  An orc (D:3)
  4 ball pythons
  6 endoplasms
  A giant cockroach (D:1)
  5 goblins
  A hobgoblin (D:2)
  8 kobolds
  A quokka (D:1)
  10 bats
  A frilled lizard (D:2)
  4 rats
48 creatures vanquished.

Notes
Turn   | Place    | Note
-------+----------+-------------------------------------------
     0 | D:1      | qw the Gargoyle Hexslinger began the quest for the Orb.
     0 | D:1      | Reached XP level 1. HP: 12/12 MP: 2/2
     0 | D:1      | 0 ||| qw: Version: 0.3-a-46-gb1f654a
     0 | D:1      | 0 ||| qw: Game counter: 1032
     0 | D:1      | 0 ||| qw: Melee chars always use a shield: true
     0 | D:1      | 0 ||| qw: God list: Okawaru
     0 | D:1      | 0 ||| qw: Allow faded altars: false
     0 | D:1      | 0 ||| qw: Do Orc after clearing Dungeon:15 true
     0 | D:1      | 0 ||| qw: Do second Lair branch before Depths: true
     0 | D:1      | 0 ||| qw: Lair rune preference: random
     0 | D:1      | 0 ||| qw: Goals: Normal
     0 | D:1      | 0 ||| PLANNING D:1-11
   124 | D:1      | Reached XP level 2. HP: 16/16 MP: 3/3
   171 | D:1      | Found a faded altar of an unknown god.
   323 | D:1      | Reached skill level 3 in Ranged Weapons
   323 | D:1      | 323 ||| FLEEEEING.
   324 | D:1      | 324 ||| FLEEEEING.
   642 | D:1      | Reached XP level 3. HP: 18/21 MP: 4/4
   660 | D:1      | 660 ||| UPGRADING to +0 pair of gloves.
   665 | D:1      | 665 ||| DROPPING ring of flight.
   666 | D:1      | 666 ||| READING scroll labelled MAASMO BOAZEWK.
   667 | D:1      | 667 ||| READING scroll labelled LUEXKOC TUETEA.
   672 | D:1      | 672 ||| READING scroll labelled SIEQONUOWI.
   673 | D:1      | 673 ||| READING scroll labelled HOANWU WOGANUG.
   674 | D:1      | 674 ||| READING scroll labelled DUS JOOSYCRUFF.
   675 | D:1      | 675 ||| READING scroll labelled LENNOJ GOETZI.
   676 | D:1      | 676 ||| DRINKING 2 smoky grey potions.
   677 | D:1      | 677 ||| DROPPING scroll of poison.
   994 | D:2      | Found Wuvotomu's General Store.
  1002 | D:2      | 1002 ||| BUYING +0 ring mail (40 gold).
  1002 | D:2      | Bought a +0 ring mail for 40 gold pieces
  1002 | D:2      | 1002 ||| SHOPLISTING potion of enlightenment (50 gold, have
                  | 20).
  1002 | D:2      | 1002 ||| BUYING scroll of identify (20 gold).
  1002 | D:2      | Bought a scroll of identify for 20 gold pieces
  1624 | D:2      | 1624 ||| UPGRADING to +0 ring mail.
  1634 | D:2      | 1634 ||| DROPPING +0 robe.
  1635 | D:2      | 1635 ||| READING scroll labelled COTYIL KIKOUPT.
  1636 | D:2      | 1636 ||| READING 5 scrolls of identify.
  1636 | D:2      | 1636 ||| IDENTIFYING bubbling grey potion
  1637 | D:2      | 1637 ||| READING 4 scrolls of identify.
  1637 | D:2      | 1637 ||| IDENTIFYING bubbling pink potion
  1638 | D:2      | 1638 ||| DROPPING potion of magic.
  1639 | D:2      | 1639 ||| DROPPING potion of degeneration.
  1740 | D:3      | 1740 ||| STAIRDANCE
  1821 | D:3      | Found a glowing golden altar of the Shining One.
  1885 | D:3      | Noticed Natasha
  1889 | D:3      | Killed Natasha
  1890 | D:3      | Reached XP level 4. HP: 25/26 MP: 5/5
  1920 | D:3      | 1920 ||| Stepping ~*~*~tactically~*~*~ (outnumbered).
  1938 | D:3      | Reached skill level 4 in Ranged Weapons
  1938 | D:3      | Reached XP level 5. HP: 12/30 MP: 6/6
  1938 | D:3      | Killed from afar by an orc wizard

Levels and vault maps discovered:
D:1:      psy_arrival_terrarium, layout_loops_cross,
          dreamdust_ecumenical_altar_angels_and_demons, minivault_24
D:2:      layout_basic, serial_shops, nicolae_square_shop
D:3:      layout_loops_ring, lemuel_round_altar, marbit_many_paths,
          serial_shops, shop, shop, nicolae_shop_back_alley_shop,
          hangedman_feature_mirror, uniq_natasha

Skill      XL: |  1  2  3  4 |
---------------+-------------+-----
Ranged Weapons | 3 4 |  4.2
Fighting       | 2 |  2.0
Armour         | 2 |  2.1
Dodging        | |  1.5
Spellcasting   | |  1.0
Hexes          | |  2.6

Action                     |  1- 3 |  4- 6 || total
---------------------------+-------+-------++-------
   Fire: Sling             |   138 |    32 ||   170
    Use: Scroll            |     9 |       ||     9
         Potion            |     1 |       ||     1
 Armour: Robe              |    21 |       ||    21
         Ring mail         |    15 |    40 ||    55
  Dodge: Dodged            |    58 |    13 ||    71

Table legend:
 A = Non-vault XP
 B = Vault XP
 C = Vault XP percentage of total XP
 D = Non-vault monster count
 E = Vault monster count
 F = Vault count percentage of total count
                 A         B        C        D         E       F
            +---------+---------+-------+---------+---------+-------
      Total |     117 |      51 |  30.4 |      44 |       4 |   8.3
            +---------+---------+-------+---------+---------+-------
        D:1 |      39 |       0 |   0.0 |      20 |       0 |   0.0
        D:2 |      23 |       0 |   0.0 |      15 |       0 |   0.0
        D:3 |      55 |      51 |  48.1 |       9 |       4 |  30.8
            +---------+---------+-------+---------+---------+-------
